 Dungeon Crawl Stone Soup version 0.27.0-1-g7a089689b8 (webtiles) character file.

Game seed: 9102367766234519763

25 jasper the Grave Robber (level 2, 0/19 HPs)
             Began as a Demonspawn Necromancer on Aug 7, 2021.
             Succumbed to an adder's poison
             ... on level 2 of the Dungeon.
             The game lasted 00:02:44 (1570 turns).

jasper the Grave Robber (Demonspawn Necromancer)    Turns: 1570, Time: 00:02:44

Health: 0/19       AC:  3    Str:  6 (8)  XL:     2   Next: 86%
Magic:  1/5        EV: 12    Int: 13 (16) God:
Gold:   47         SH:  0    Dex: 12 (13) Spells: 3/5 levels left

rFire    . . .     SeeInvis .   g - +0 mace (vorpal)
rCold    . . .     Faith    .   (no shield)
rNeg     . . .     Spirit   .   a - +0 robe
rPois    .         Reflect  .   c - +0 helmet
rElec    .         Harm     .   (no cloak)
rCorr    .         Rampage  .   (no gloves)
Will     .....                  (no boots)
Stlth    ++........             (no amulet)
HPRegen  0.06/turn              (no ring)
MPRegen  0.09/turn              (no ring)

@: lethally poisoned (0 -> -3)
A: demonic guardian 1
a: no special abilities


You were on level 2 of the Dungeon.
You visited 1 branch of the dungeon, and saw 2 of its levels.

You collected 47 gold pieces.

Inventory:

Hand Weapons
 b - a +0 short sword
 g - a +0 vorpal mace (weapon)
Missiles
 d - 9 poisoned darts (quivered)
 e - a stone
Armour
 a - a +0 robe (worn)
 c - a +0 helmet (worn)
Magical Staves
 f - a staff of air


   Skills:
 - Level 1.7 Dodging
 - Level 1.7 Stealth
 - Level 2.0 Spellcasting
 + Level 5.4 Necromancy


You had 3 spell levels left.
You knew the following spells:

 Your Spells              Type           Power      Damage    Failure   Level
a - Pain                  Necr           60%        1d7       2%          1
b - Animate Skeleton      Necr           30%        N/A       2%          1

Your spell library contained the following spells:

 Spells                   Type           Power      Damage    Failure   Level
 Vampiric Draining        Necr           7%         2d7       9%          3
 Animate Dead             Necr           7%         N/A       26%         4
 Agony                    Necr           15%        N/A       58%         5


Dungeon Overview and Level Annotations

Branches:
Dungeon (2/15)

Altars:


Innate Abilities, Weirdness & Mutations

A weak demonic guardian rushes to your aid.


Message History

The adder hisses angrily.
The adder writhes in agony.
The adder barely misses you.
Casting: Pain (safe; 2% risk of failure)
Confirm with . or Enter, or press ? or * to list all spells.
Aiming: Pain (safe; 2% risk of failure)
Press: ? - help, Shift-Dir - straight line, f/p - adder
Aim: an adder (lightly wounded, chance to affect: 84%)
The adder writhes in agony.
The adder barely misses you.
Casting: Pain (safe; 2% risk of failure)
Confirm with . or Enter, or press ? or * to list all spells.
Aiming: Pain (safe; 2% risk of failure)
Press: ? - help, Shift-Dir - straight line, f/p - adder
Aim: an adder (heavily wounded, chance to affect: 84%)
The adder writhes in agony.
The adder bites you.
You are poisoned.
The adder poisons you! The adder bites you.
You are lethally poisoned!
The adder poisons you!
Casting: Pain (safe; 2% risk of failure)
Confirm with . or Enter, or press ? or * to list all spells.
Aiming: Pain (safe; 2% risk of failure)
Press: ? - help, Shift-Dir - straight line, f/p - adder
Aim: an adder (severely wounded, chance to affect: 84%)
The adder writhes in agony.
You kill the adder!
You feel very sick.
You feel very sick.
* * * LOW HITPOINT WARNING * * *
You feel sick.
* * * LOW HITPOINT WARNING * * *
You feel sick.
* * * LOW HITPOINT WARNING * * *
You feel sick.
There is a lethal amount of poison in your body!
It was a potion of degeneration.
There was something very wrong with that liquid.
You feel weakened.
You feel dopey.
You feel clumsy.
* * * LOW HITPOINT WARNING * * *
You feel sick.
You die...

#..# ########..##
#......#(..# #......#.#.#
#......#...# #......#...#
#......#...##
#......#)...#
#....@.#.#..#
############......#.#...#
....................##..#
.........###......### [>#
.#######.# #......# #.#
.#.......# ######## .#
.#.##...###...
†..............
##.##...###....


There were no monsters in sight!

Vanquished Creatures
  An adder (D:2)
  2 ball pythons
  An endoplasm (D:1)
  4 goblins
  3 bats (D:1)
  2 kobolds (D:1)
  2 rats
15 creatures vanquished.

Notes
Turn   | Place    | Note
-------+----------+-------------------------------------------
     0 | D:1      | jasper the Demonspawn Necromancer began the quest for the
                  | Orb.
     0 | D:1      | Reached XP level 1. HP: 13/13 MP: 3/3
   919 | D:1      | Gained mutation: A weak demonic guardian rushes to your
                  | aid. [demonic ancestry]
   919 | D:1      | Reached XP level 2. HP: 17/19 MP: 1/5
   964 | D:1      | Learned a level 1 spell: Animate Skeleton
  1064 | D:1      | Found a faded altar of an unknown god.
  1071 | D:1      | Reached skill level 5 in Necromancy
  1570 | D:2      | Succumbed to an adder's poison

Illustrated notes

Levels and vault maps discovered:
D:1:      eino_arrival_tree_alley, layout_rooms, ebering_ecumenical_altar_box
D:2:      layout_basic, basic_altar

Skill      XL: |  1  2 |
---------------+-------+-----
Necromancy     | 5 |  5.4
Dodging        | |  1.7
Stealth        | |  1.7
Spellcasting   | |  2.0

Action                   || total
-------------------------++-------
Melee: Short sword       ||     4
       Mace              ||     2
Throw: Dart              ||    29
 Cast: Pain              ||    21
  Use: Scroll            ||     4
       Potion            ||     1
Armor: Robe              ||     4
Dodge: Dodged            ||     8
